 Dungeon Crawl Stone Soup version 0.29-a0-557-g43b9904bd1 (webtiles) character file.

Game seed: 13360933577038622277

128 DocClef the Covert (level 5, 0/47 HPs)
             Began as a Gnoll Delver on June 8, 2022.
             Slain by a howler monkey (3 damage)
             ... on level 7 of the Dungeon.
             The game lasted 00:00:16 (116 turns).

DocClef the Covert (Gnoll Delver)                    Turns: 116, Time: 00:00:16

Health: 0/47       AC:  3    Str: 14    XL:     5   Next: 12%
Magic:  5/7        EV: 13    Int:  9    God:
Gold:   0          SH:  0    Dex: 13    Spells: 6/6 levels left

rFire   . . .      SeeInvis .   a - +0 short sword
rCold   . . .      Faith    .   (no shield)
rNeg    . . .      Spirit   .   b - +0 leather armour
rPois   .          Reflect  .   (no helmet)
rElec   .          Harm     .   (no cloak)
rCorr   .          Rampage  .   (no gloves)
Will    .....                   (no boots)
Stlth   ++++......              (no amulet)
HPRegen 0.15/turn               (no ring)
MPRegen 0.10/turn               (no ring)

@: no status effects
A: fangs 1, strong nose, distributed training
a: no special abilities


You were on level 7 of the Dungeon.
You visited 1 branch of the dungeon, and saw 2 of its levels.

Inventory:

Hand Weapons
 a - a +0 short sword (weapon)
Armour
 b - a +0 leather armour (worn)
Wands
 g - a wand of digging (3)
Scrolls
 c - a scroll of fog
 d - a scroll of magic mapping
 e - a scroll of fear
Potions
 f - a potion of haste


   Skills:
 + Level 6.6 Fighting
 + Level 4.7 Short Blades
 + Level 1.3 Long Blades
 + Level 1.3 Axes
 + Level 1.3 Maces & Flails
 + Level 1.3 Polearms
 + Level 1.3 Staves
 + Level 1.3 Slings
 + Level 1.3 Bows
 + Level 1.3 Crossbows
 + Level 1.3 Throwing
 + Level 1.3 Armour
 + Level 4.7 Dodging
 + Level 9.6 Stealth
 + Level 1.3 Shields
 + Level 1.3 Unarmed Combat
 + Level 1.3 Spellcasting
 + Level 1.1 Conjurations
 + Level 1.1 Hexes
 + Level 1.1 Summonings
 + Level 1.1 Necromancy
 + Level 1.1 Translocations
 + Level 1.1 Transmutations
 + Level 1.1 Fire Magic
 + Level 1.1 Ice Magic
 + Level 1.1 Air Magic
 + Level 1.1 Earth Magic
 + Level 1.1 Poison Magic
 + Level 1.5 Invocations
 + Level 1.3 Evocations


You had 6 spell levels left.
You didn't know any spells.
Your spell library was empty.

Dungeon Overview and Level Annotations

Branches:
Dungeon (5/15)
 Temple: D:4-7

Altars:


Innate Abilities, Weirdness & Mutations

You have very sharp teeth.
Your uncanny sense of smell can sniff out nearby items.
Your experience applies equally to all skills.


Message History

You are too injured to fight recklessly!
You are too injured to fight recklessly!
You are too injured to fight recklessly!
You are too injured to fight recklessly!
You are too injured to fight recklessly!
You are too injured to fight recklessly!
You are too injured to fight recklessly!
You are too injured to fight recklessly!
You are too injured to fight recklessly!
You are too injured to fight recklessly!
You are too injured to fight recklessly!
You are too injured to fight recklessly!
Unknown command.
You barely miss the howler monkey. Your punch misses the howler monkey.
The howler monkey is almost dead.
The howler monkey misses you. The howler monkey hits you.
The howler monkey hits you!
* * * LOW HITPOINT WARNING * * *
You puncture the howler monkey!
You kill the howler monkey!
The howler monkey barely misses you.
The howler monkey hoots and howls with incredible vigour!
The howler monkey closely misses you.
You have reached level 5!
You hit the howler monkey.
The howler monkey is moderately wounded.
The howler monkey barely misses you.
The howler monkey hits you but does no damage.
The howler monkey hits you.
* * * LOW HITPOINT WARNING * * *
You closely miss the howler monkey.
The howler monkey is moderately wounded.
The howler monkey hits you but does no damage.
The howler monkey closely misses you.
You closely miss the howler monkey. Your bite misses the howler monkey.
The howler monkey is moderately wounded.
The howler monkey hits you.
* * * LOW HITPOINT WARNING * * *
The howler monkey hits you.
You die...

#################+##.
.....................
..............h......
.............@h......
.....................
.....................
..#####.......#######
#.......# #.......#
#.......# #.......#
#########


You could see 2 howler monkeys.

Vanquished Creatures
  A black bear (D:5)
  A howler monkey (D:7)
  A quokka (D:5)
3 creatures vanquished.

Notes
Turn   | Place    | Note
-------+----------+-------------------------------------------
     0 | D:5      | Reached skill level 9 in Stealth
     0 | D:5      | DocClef the Gnoll Delver began the quest for the Orb.
     0 | D:5      | Reached XP level 1. HP: 23/23 MP: 1/1
    11 | D:5      | Noticed a black bear
    20 | D:5      | Killed a black bear
    21 | D:5      | Reached skill level 1 in Long Blades
    21 | D:5      | Reached skill level 1 in Axes
    21 | D:5      | Reached skill level 1 in Maces & Flails
    21 | D:5      | Reached skill level 1 in Polearms
    21 | D:5      | Reached skill level 1 in Staves
    21 | D:5      | Reached skill level 1 in Slings
    21 | D:5      | Reached skill level 1 in Bows
    21 | D:5      | Reached skill level 1 in Crossbows
    21 | D:5      | Reached skill level 1 in Throwing
    21 | D:5      | Reached skill level 1 in Armour
    21 | D:5      | Reached skill level 1 in Shields
    21 | D:5      | Reached skill level 1 in Unarmed Combat
    21 | D:5      | Reached skill level 1 in Spellcasting
    21 | D:5      | Reached skill level 1 in Conjurations
    21 | D:5      | Reached skill level 1 in Hexes
    21 | D:5      | Reached skill level 1 in Summonings
    21 | D:5      | Reached skill level 1 in Necromancy
    21 | D:5      | Reached skill level 1 in Translocations
    21 | D:5      | Reached skill level 1 in Transmutations
    21 | D:5      | Reached skill level 1 in Fire Magic
    21 | D:5      | Reached skill level 1 in Ice Magic
    21 | D:5      | Reached skill level 1 in Air Magic
    21 | D:5      | Reached skill level 1 in Earth Magic
    21 | D:5      | Reached skill level 1 in Poison Magic
    21 | D:5      | Reached skill level 1 in Invocations
    21 | D:5      | Reached skill level 1 in Evocations
    21 | D:5      | Reached XP level 2. HP: 29/29 MP: 1/3
    21 | D:5      | Reached XP level 3. HP: 35/35 MP: 1/4
    21 | D:5      | Reached XP level 4. HP: 41/41 MP: 1/5
    83 | D:5      | Noticed a phantom
    98 | D:5      | Noticed a scorpion
    99 | D:5      | You fall into a shaft and drop 2 floors!
   114 | D:7      | Reached XP level 5. HP: 9/47 MP: 5/7
   116 | D:7      | Slain by a howler monkey

Illustrated notes

Levels and vault maps discovered:
D:5:      layout_loops_ring, kennysheep_ying_yang, mainiacjoe_overflow_brackets,
          cheibrodos_gnoll_hut, uniq_eustachio
D:7:      layout_gridville, lightli_corner_chamber

Skill      XL: |  1 |
---------------+----+-----
Stealth        | |  9.6
Long Blades    | 1 |  1.3
Axes           | 1 |  1.3
Maces & Flails | 1 |  1.3
Polearms       | 1 |  1.3
Staves         | 1 |  1.3
Slings         | 1 |  1.3
Bows           | 1 |  1.3
Crossbows      | 1 |  1.3
Throwing       | 1 |  1.3
Armour         | 1 |  1.3
Shields        | 1 |  1.3
Unarmed Combat | 1 |  1.3
Spellcasting   | 1 |  1.3
Conjurations   | 1 |  1.1
Hexes          | 1 |  1.1
Summonings     | 1 |  1.1
Necromancy     | 1 |  1.1
Translocations | 1 |  1.1
Transmutations | 1 |  1.1
Fire Magic     | 1 |  1.1
Ice Magic      | 1 |  1.1
Air Magic      | 1 |  1.1
Earth Magic    | 1 |  1.1
Poison Magic   | 1 |  1.1
Invocations    | 1 |  1.5
Evocations     | 1 |  1.3
Fighting       | |  6.6
Short Blades   | |  4.7
Dodging        | |  4.7

Action                   |  1- 3 |  4- 6 || total
-------------------------+-------+-------++-------
Melee: Short sword       |     2 |    22 ||    24
       Bite              |       |     5 ||     5
 Stab: Sleeping          |     2 |       ||     2
Armor: Leather armour    |       |     3 ||     3
Dodge: Dodged            |       |    14 ||    14

Table legend: (Time is in decaauts)
 A = Elapsed time spent in this place.
 B = Non-inter-level travel time spent in this place.
 C = Inter-level travel time spent in this place.
 D = Time resting spent in this place.
 E = Time spent auto-exploring this place.
 F = Levels seen in this place.
 G = Mean time per level.
                   A        B        C        D        E       F      G
               +--------+--------+--------+--------+--------+-----+--------+
         Total |    113 |    113 |      0 |      0 |     72 |   2 |   56.5 |
       Dungeon |    113 |    113 |      0 |      0 |     72 |   2 |   56.5 |
               +--------+--------+--------+--------+--------+-----+--------+

Top non-repeatable levels by time:
     D:5: 97 daAuts
     D:7: 15 daAuts
